 Dungeon Crawl Stone Soup version 0.32-a0-30-gefbe487952 (webtiles) character file.

Game seed: 7101505843521651409

31802 Essalna the Geomancer (level 13, -1/84 HPs)
             Began as a Gargoyle Earth Elementalist on Jan 18, 2024.
             Was a High Priest of Vehumet.
             Killed by divine providence
             ... invoked by a meliai
              (12 damage)
             ... on level 12 of the Dungeon on Jan 19, 2024.
             The game lasted 00:42:41 (13705 turns).

Essalna the Geomancer (GrEE)                       Turns: 13705, Time: 00:42:42

Health: -1/84      AC: 17    Str: 13    XL:     13   Next: 60%
Magic:  25/29      EV: 12    Int: 20    God:    Vehumet [*****.]
Gold:   1252       SH: 13    Dex: 10    Spells: 9/22 levels left

rFire   + . .        l - staff of earth
rCold   + + .        x - +2 kite shield {rC+}
rNeg    + . .        D - +0 robe {rC+ rF+}
rPois   ∞            A - +0 helmet
rElec   +            a - +1 cloak {Will+}
rCorr   .            h - +0 pair of gloves
SInv    .            (no boots)
Will    +....        n - amulet of magic regeneration
Stlth   ++++         T - ring of magical power
HPRegen 0.34/turn    N - ring of Shadows {Umbra +Inv Stlth+}
MPRegen 0.61/turn

%: no passive effects
@: wreathed by umbra
A: sickness immunity, AC +9, negative energy resistance 1, electricity
resistance, torment resistance 1, petrification resistance
a: Renounce Religion, Evoke Invisibility


You were on level 12 of the Dungeon.
You worshipped Vehumet.
Vehumet was extremely pleased with you.
You visited 2 branches of the dungeon, and saw 13 of its levels.
You also visited: Bailey, Gauntlet and Ice Cave.

You collected 1252 gold pieces.

Inventory:

Hand Weapons
 V - the +2 morningstar of Gravity {freeze, Str+4 Int+4 Dex+7}
   (You took it off an orc on level 9 of the Dungeon)

   Str+4:     It affects your strength (+4).
   Int+4:     It affects your intelligence (+4).
   Dex+7:     It affects your dexterity (+7).
Armour
 a - a +1 cloak of willpower (worn)
 h - a +0 pair of gloves (worn)
 x - a +2 kite shield of cold resistance (worn)
 A - a +0 helmet (worn)
 D - a +0 robe of resistance (worn)
 F - a +2 cloak of cold resistance
 G - a +0 tower shield of cold resistance
Magical Staves
 l - a staff of earth (weapon)
 q - a staff of fire
 O - a staff of conjuration
Jewellery
 f - the ring "Ylisycip" {rC+ Str+4 Int+4 Slay-4 Stlth-}
   (You took it off a minotaur in a Gauntlet)

   [ring of protection from cold]

   Str+4:     It affects your strength (+4).
   Int+4:     It affects your intelligence (+4).
   Slay-4:    It affects your accuracy & damage with ranged weapons and melee
   (-4).
   rC+:       It protects you from cold.
   Stlth-:    It makes you less stealthy.
 j - a ring of protection from cold
 n - an amulet of magic regeneration (around neck)
 v - an amulet of the acrobat
 B - a ring of ice
 I - the ring of the Oracle {rElec rN+++ Str+6 Int-2 Dex+5}
   (You took it off a centaur on level 7 of the Dungeon)

   [ring of strength]

   Str+6:     It affects your strength (+6).
   Int-2:     It affects your intelligence (-2).
   Dex+5:     It affects your dexterity (+5).
   rElec:     It insulates you from electricity.
   rN+++:     It renders you almost immune to negative energy.
 L - an amulet of regeneration
 N - the ring of Shadows (right hand) {Umbra +Inv Stlth+}
   (You took it off an orc wizard on level 7 of the Dungeon)

   [ring of stealth]

   Umbra:     It surrounds you with an aura of shadow, increasing your stealth
   and reducing the accuracy of all others within it.
   +Inv:      It lets you turn invisible.
   Stlth+:    It makes you more stealthy.
 T - a ring of magical power (left hand)
Wands
 p - a wand of quicksilver (15)
 R - a wand of roots (18)
 X - a wand of paralysis (7)
Scrolls
 e - a scroll of amnesia
 g - 5 scrolls of teleportation
 k - 3 scrolls of vulnerability
 o - 4 scrolls of blinking
 r - 2 scrolls of immolation
 y - a scroll of noise
 K - 4 scrolls of identify
 U - a scroll of fear
Potions
 b - 2 potions of magic
 c - a potion of cancellation {unknown}
 d - 2 potions of curing
 m - 2 potions of mutation
 t - 3 potions of degeneration
 u - 2 potions of enlightenment {unknown}
 w - 3 potions of lignification
 z - a potion of resistance
 C - 3 potions of might {unknown}
 J - a potion of invisibility {unknown}
 P - a potion of brilliance {unknown}
 Q - 3 potions of heal wounds {unknown}
 S - 3 potions of haste {unknown}
 W - 2 potions of berserk rage {unknown}
 Y - a potion of attraction {unknown}
 Z - a potion of ambrosia {unknown}
Miscellaneous
 i - a condenser vane
 s - a phantom mirror
 E - a box of beasts
 M - a lightning rod (4/4)


   Skills:
 + Level 11.0 Fighting
 + Level 7.6 Armour
 - Level 6.0 Dodging
 - Level 2.1 Stealth
 + Level 10.9 Shields
 + Level 5.2 Spellcasting
 + Level 11.2 Conjurations
 + Level 12.7 Earth Magic


You had 9 spell levels left.
You knew the following spells:

 Your Spells              Type           Power      Damage    Failure   Level
a - Sandblast             Erth           100%       2d20      1%          1
b - Stone Arrow           Conj/Erth      100%       3d13      1%          3
c - Passwall              Erth           71%        N/A       1%          3
d - Bombard               Conj/Erth      34%        9d6       9%          6

Your spell library contained the following spells:

 Spells                   Type           Power      Damage    Failure   Level
 Magic Dart               Conj           100%       1d8       1%          1
 Momentum Strike          Conj/Tloc      54%        3d9       1%          2
 Brom's Barrelling Bould  Conj/Erth      68%        2d8       1%          4
 Hailstorm                Conj/Ice       27%        3d8       2%          3
 Iskenderun's Mystic Bla  Conj/Tloc      27%        2d7       7%          4
 Animate Armour           Summ/Erth      92%        N/A       19%         4
 Petrify                  Alch/Erth      46%        N/A       19%         4
 Arcjolt                  Conj/Air       13%        1d23      19%         5
 Apportation              Tloc           10%        N/A       26%         1
 Slow                     Hex            20%        N/A       26%         1
 Freezing Cloud           Conj/Ice/Air   10%        6-21      36%         5
 Blink                    Tloc           10%        N/A       38%         2
 Call Imp                 Summ           10%        N/A       38%         2
 Ensorcelled Hibernation  Hex/Ice        10%        N/A       38%         2
 Jinxbite                 Hex            10%        N/A       38%         2
 Lesser Beckoning         Tloc           10%        N/A       38%         2
 Confusing Touch          Hex            5%         N/A       63%         3
 Sigil of Binding         Hex            5%         N/A       63%         3
 Swiftness                Air            5%         N/A       63%         3
 Tukima's Dance           Hex            5%         N/A       63%         3
 Vampiric Draining        Necr           5%         2d6       63%         3
 Yara's Violent Unravell  Hex/Alch       2%         3d3       85%         5
 Anguish                  Hex/Necr       2%         N/A       95%         4
 Cause Fear               Hex            2%         N/A       95%         4
 Dimensional Bullseye     Hex/Tloc       2%         N/A       95%         4
 Passage of Golubria      Tloc           5%         N/A       95%         4
 Vhi's Electric Charge    Tloc/Air       10%        N/A       95%         4
 Lehudib's Crystal Spear  Conj/Erth      34%        10d9      95%         8
 Alistair's Intoxication  Alch           3%         N/A       100%        5
 Plasma Beam              Fire/Air       2%         2x1d12    100%        6
 Sculpt Simulacrum        Ice/Alch       2%         N/A       100%        6
 Enfeeble                 Hex            2%         N/A       100%        7
 Ozocubu's Refrigeration  Ice            2%         4d8       100%        7
 Polar Vortex             Ice            2%         N/A       100%        9


Dungeon Overview and Level Annotations

Branches:
Dungeon (12/15)            Temple (1/1) D:4            Lair (0/5) D:8
    Orc (0/2) D:11         Bailey (visited)           IceCv (visited)
Gauntlet (visited)

Altars:
Ashenzari
Cheibriados
Dithmenos
Elyvilon
Fedhas
Gozag
Hepliaklqana
Kikubaaqudgha
Makhleb
Nemelex Xobeh
Okawaru
Qazlal
Ru
Sif Muna
Trog
Uskayaw
Vehumet
Wu Jian
Xom
Yredelemnul
Zin
The Shining One

Shops:
D:3 [   D:8 *

Portals:
Trove: D:10 (give +5 fire dragon scales)

Annotations:
D:4 1 runed translucent door, hattey's ghost, amateur HuWn


Innate Abilities, Weirdness & Mutations

You are immune to sickness and miasma.
Your stone body is resilient. (AC +9)
You are immune to poison.
You resist negative energy. (rN+)
You are resistant to electric shocks. (rElec)
You are resistant to unholy torment.
You are immune to petrification.


Message History

You are too injured to fight recklessly!
You are too injured to fight recklessly!
Casting: Sandblast (safe; 1% risk of failure)
Confirm with . or Enter, or press ? or * to list all spells.
Aiming: Bombard (dangerous; 9% risk of failure)
Press: ? - help, Shift-Dir - straight line, f/p - vampire mosquito
Aim: a vampire mosquito (moderately damaged, umbra, 57% to hit)
You feel a surge of power!
The iron shot hits the vampire mosquito!!
You destroy the vampire mosquito!
Vehumet accepts your kill.
You feel your power returning.
The meliai invokes the aid of its god against you.
Something smites you! The meliai hits you with a +0 hand axe.
You block the meliai's attack. The meliai hits you but does no damage.
You block the meliai's attack.
You hear an angry buzzing noise.
Training target 6.0 for Dodging reached!
Your Dodging skill increases to level 6!
Casting: Bombard (dangerous; 9% risk of failure)
Confirm with . or Enter, or press ? or * to list all spells.
Aiming: Sandblast (safe; 1% risk of failure)
Press: ? - help, Shift-Dir - straight line, f - meliai
Aim: a meliai, wielding a +0 hand axe and wearing a +0 robe (umbra, 78% to hit)
You feel a surge of power!
The blast of sand hits the meliai!!
The meliai is severely wounded.
The meliai mumbles some strange prayers to its god against you.
Something smites you! The meliai hits you but does no damage.
You block the meliai's attack.
The meliai invokes the aid of its god against you.
Something smites you!
* * * LOW HITPOINT WARNING * * *
A vampire mosquito comes into view.
The meliai closely misses you. The meliai completely misses you.
The meliai mumbles some strange prayers to its god against you.
Something smites you!
* * * LOW HITPOINT WARNING * * *
The meliai invokes the aid of its god against you.
Something smites you!
You die...

,*,*******,*** #.#
,,,**,,,,,,,,* #.#
,****,***,.§.###### #.#
,,,**,**,,.§.y....# #.#
,*,**,***,...####.####.#
,,,,,,,,,,,#§..y.......#
**,**,***.....###.######
,,,**,,,,....####y#
*********#...yyy@.#
##########


You could see a vampire mosquito and 3 meliai.

Vanquished Creatures
  2 azure jellies (IceCv)
  2 quicksilver oozes (IceCv)
  A minotaur (Gauntlet)
  6 two-headed ogres
  3 centaur warriors
  A tengu warrior (Gauntlet)
  A fire crab (shapeshifter) (D:9)
  An arcanist (Gauntlet)
  Pikel (D:6)
  3 ugly things (D:9)
  A deep elf pyromancer (D:12)
  An orc knight (Bailey)
  A shining eye (Gauntlet)
  A cyclops (D:12)
  A manticore (D:11)
  An elephant (D:8)
  2 ice statues (IceCv)
  2 unseen horrors (D:12)
  2 gargoyles
  2 komodo dragons
  Jeremiah (D:6)
  2 tengu conjurers (Gauntlet)
  2 trolls
  Grinder (D:5)
  Sigmund (D:6)
  9 slime creatures
  3 shadows
  3 wyverns
  2 water elementals (D:11)
  A vampire (D:10)
  3 wraiths
  A golden eye (Gauntlet)
  7 yaks
  A basilisk (D:7)
  3 steam dragons
  Menkaure (D:5)
  5 vampire mosquitoes
  Edmund (D:6)
  An acid dragon (D:7)
  A great orb of eyes simulacrum (IceCv)
  3 water moccasins
  2 ice beasts
  8 orc warriors
  3 ogres
  10 centaurs
  3 lemures (D:6)
  9 kobold brigands
  4 slime creature simulacra (IceCv)
  Blork the orc (D:4)
  A phantom (D:6)
  13 bullfrogs
  A scorpion (D:5)
  A gnoll sergeant (D:5)
  3 glowing shapeshifter simulacra (IceCv)
  4 wights (D:8)
  15 killer bees (D:9)
  7 howler monkeys
  3 hounds
  5 orc priests
  3 iron imps (D:4)
  A jelly (D:5)
  A gnoll bouda (D:10)
  2 sleepcaps
  Jessica (D:2)
  5 iguanas
  Ijyb (D:3)
  16 orc wizards
  5 shapeshifter simulacra (IceCv)
  6 adders
  13 gnolls
  A shadow imp (Gauntlet)
  2 white imps
  3 dart slugs
  A ribbon worm (D:3)
  33 orcs
  9 bats
  9 endoplasms
  2 giant cockroaches
  11 hobgoblins
  8 quokkas
  9 ball pythons
  5 frilled lizards
  11 goblins
  21 kobolds
  6 rats
365 creatures vanquished.

Vanquished Creatures (others)
  An orc wizard (D:9)
1 creature vanquished.

Grand Total: 366 creatures vanquished

Notes
Turn   | Place    | Note
-------+----------+-------------------------------------------
     0 | D:1      | Essalna the Gargoyle Earth Elementalist began the quest for
                  | the Orb.
     0 | D:1      | Reached XP level 1. HP: 10/10 MP: 3/3
   123 | D:1      | Reached XP level 2. HP: 15/15 MP: 3/5
   352 | D:1      | Reached skill level 4 in Earth Magic
   559 | D:1      | Reached XP level 3. HP: 19/19 MP: 3/6
  1220 | D:2      | Noticed Jessica
  1221 | D:2      | Killed Jessica
  1222 | D:2      | Reached XP level 4. HP: 24/24 MP: 5/8
  1568 | D:2      | Reached XP level 5. HP: 28/28 MP: 7/9
  2320 | D:3      | Learned a level 3 spell: Stone Arrow
  2324 | D:3      | Found Xattiot's Armour Boutique.
  2332 | D:3      | Noticed Ijyb
  2348 | D:3      | Killed Ijyb
  2349 | D:3      | Reached skill level 1 in Fighting
  2349 | D:3      | Reached skill level 5 in Earth Magic
  2704 | D:3      | Reached skill level 1 in Shields
  2825 | D:3      | Reached XP level 6. HP: 34/34 MP: 9/11
  3027 | D:4      | Found a runed translucent door.
  3052 | D:4      | Noticed hattey's ghost (amateur HuWn)
  3078 | D:4      | Found a staircase to the Ecumenical Temple.
  3083 | Temple   | Found a transporter.
  3083 | Temple   | Found a transporter.
  3083 | Temple   | Found a transporter.
  3083 | Temple   | Found a transporter.
  3083 | Temple   | Entered the Ecumenical Temple
  3100 | Temple   | Became a worshipper of Vehumet
  3419 | D:4      | Noticed Blork the orc
  3428 | D:4      | Killed Blork the orc
  3508 | D:4      | Noticed an ice beast
  3518 | D:4      | Killed an ice beast
  3519 | D:4      | Reached XP level 7. HP: 40/40 MP: 9/12
  3573 | D:4      | Reached skill level 6 in Earth Magic
  3794 | D:4      | Found a burning altar of Makhleb.
  4181 | D:5      | Entered Level 5 of the Dungeon
  4206 | D:5      | Reached XP level 8. HP: 46/46 MP: 12/14
  4210 | D:5      | Reached * piety under Vehumet
  4210 | D:5      | Offered knowledge of Foxfire by Vehumet.
  4374 | D:5      | Noticed Menkaure
  4381 | D:5      | Killed Menkaure
  4382 | D:5      | Reached skill level 5 in Conjurations
  4416 | D:5      | Found a sparkling altar of Nemelex Xobeh.
  4655 | D:5      | Reached skill level 7 in Earth Magic
  4984 | D:5      | Noticed Grinder
  4989 | D:5      | Killed Grinder
  5167 | D:6      | Reached skill level 5 in Fighting
  5167 | D:6      | Reached skill level 5 in Shields
  5174 | D:6      | Identified a scroll of acquirement
  5176 | D:6      | Acquired a staff of earth
  5181 | D:6      | Reached XP level 9. HP: 54/54 MP: 15/15
  5181 | D:6      | Noticed a two-headed ogre
  5339 | D:6      | Noticed Pikel
  5348 | D:6      | Noticed Sigmund
  5357 | D:6      | Killed Sigmund
  5358 | D:6      | Reached skill level 8 in Earth Magic
  5464 | D:6      | Noticed Jeremiah
  5726 | D:6      | Killed Jeremiah
  6067 | D:6      | Killed a two-headed ogre
  6239 | D:6      | Noticed Edmund
  6247 | D:6      | Killed Edmund
  6317 | D:6      | Killed Pikel
  6318 | D:6      | Reached skill level 9 in Earth Magic
  6318 | D:6      | Reached XP level 10. HP: 49/63 MP: 13/16
  6608 | D:7      | Reached ** piety under Vehumet
  6668 | D:7      | Found a flagged portal.
  6671 | D:7      | Offered knowledge of Mercury Vapours by Vehumet.
  6678 | Bailey   | Entered a bailey
  6683 | Bailey   | Learned a level 3 spell: Passwall
  6749 | Bailey   | Noticed an orc knight
  6758 | Bailey   | Killed an orc knight
  6762 | Bailey   | Reached skill level 10 in Earth Magic
  6767 | Bailey   | Found an iron altar of Okawaru.
  6925 | D:7      | Noticed a two-headed ogre
  6928 | D:7      | Killed a two-headed ogre
  6929 | D:7      | Reached skill level 1 in Armour
  6934 | D:7      | Noticed a two-headed ogre
  6938 | D:7      | Killed a two-headed ogre
  6939 | D:7      | Reached XP level 11. HP: 29/68 MP: 10/17
  7095 | D:7      | Identified the +6 double sword "Cicvicvo" {heavy, Int+2}
  7095 | D:7      | Identified the ring of the Oracle {rElec rN+++ Str+6 Int-2
                  | Dex+5}
  7639 | D:8      | Offered knowledge of Frozen Ramparts by Vehumet.
  7794 | D:8      | Found Olij's Demolitions Depot.
  8052 | D:8      | Reached *** piety under Vehumet
  8289 | D:8      | Found a staircase to the Lair.
  8368 | D:9      | Noticed a two-headed ogre
  8371 | D:9      | Identified the +2 morningstar of Gravity {freeze, Str+4
                  | Int+4 Dex+7}
  8374 | D:9      | Killed a two-headed ogre
  8544 | D:9      | Noticed a purple ugly thing
  8554 | D:9      | Killed a purple ugly thing
  8555 | D:9      | Reached skill level 11 in Earth Magic
  8640 | D:9      | Noticed a white ugly thing
  8811 | D:9      | Noticed a two-headed ogre
  8815 | D:9      | Killed a two-headed ogre
  8815 | D:9      | Offered knowledge of Mephitic Cloud by Vehumet.
  8932 | D:9      | Killed a white ugly thing
  8947 | D:9      | Noticed a red ugly thing
  9076 | D:9      | Noticed a two-headed ogre
  9077 | D:9      | Killed a red ugly thing
  9084 | D:9      | Killed a two-headed ogre
  9085 | D:9      | Reached XP level 12. HP: 60/76 MP: 10/18
  9230 | D:9      | Noticed a centaur warrior
  9440 | D:9      | Reached skill level 5 in Armour
  9491 | D:9      | Reached skill level 10 in Conjurations
  9618 | D:9      | Killed a centaur warrior
 10142 | D:9      | Found a basalt altar of Yredelemnul.
 10483 | D:10     | Entered Level 10 of the Dungeon
 10518 | D:10     | Reached **** piety under Vehumet
 10590 | D:10     | Offered knowledge of Flame Wave by Vehumet.
 10666 | D:10     | Found a portal to a secret trove of treasure.
 11137 | D:11     | Found a staircase to the Orcish Mines.
 11217 | D:11     | Found a gate leading to a gauntlet.
 11229 | Gauntlet | Entered a Gauntlet
 11229 | Gauntlet | Noticed a reaper
 11229 | Gauntlet | Found a transporter.
 11229 | Gauntlet | Found a transporter.
 11233 | Gauntlet | Found a transporter.
 11233 | Gauntlet | Found a transporter.
 11236 | Gauntlet | Found a transporter.
 11241 | Gauntlet | Noticed a tengu warrior
 11246 | Gauntlet | Found a transporter.
 11248 | Gauntlet | Found a transporter.
 11254 | Gauntlet | Found a transporter.
 11273 | Gauntlet | Found a transporter.
 11290 | Gauntlet | Found a transporter.
 11316 | Gauntlet | Found a transporter.
 11385 | Gauntlet | Found a transporter.
 11642 | Gauntlet | Reached skill level 10 in Fighting
 11642 | Gauntlet | Reached skill level 10 in Shields
 11833 | Gauntlet | Reached skill level 5 in Dodging
 11836 | Gauntlet | Killed a tengu warrior
 11837 | Gauntlet | Reached skill level 12 in Earth Magic
 11929 | Gauntlet | Identified the ring "Ylisycip" {rC+ Str+4 Int+4 Slay-4
                  | Stlth-}
 11929 | Gauntlet | Noticed a minotaur
 11935 | Gauntlet | Killed a minotaur
 11969 | Gauntlet | Upgraded the game from 0.32-a0-22-g6ae6769602 to
                  | 0.32-a0-30-gefbe487952
 12447 | D:12     | Noticed a centaur warrior
 12449 | D:12     | Noticed a centaur warrior
 12471 | D:12     | Reached XP level 13. HP: 71/83 MP: 19/19
 12584 | D:12     | Found a frozen archway.
 12592 | IceCv    | Entered an ice cave
 12679 | IceCv    | Reached ***** piety under Vehumet
 12710 | IceCv    | Offered knowledge of Bombard by Vehumet.
 12720 | IceCv    | Learned a level 6 spell: Bombard
 12816 | IceCv    | Noticed a quicksilver ooze
 12820 | IceCv    | Killed a quicksilver ooze
 12852 | IceCv    | Noticed a quicksilver ooze
 12857 | IceCv    | Killed a quicksilver ooze
 12920 | IceCv    | Found a viscous altar of Jiyva.
 12920 | IceCv    | Noticed an azure jelly
 12930 | IceCv    | Killed an azure jelly
 13013 | IceCv    | Noticed an azure jelly
 13023 | IceCv    | Killed an azure jelly
 13103 | IceCv    | Got the Incunabulum of Graupel
 13112 | IceCv    | Acquired 557 gold pieces
 13176 | IceCv    | Reached skill level 5 in Spellcasting
 13705 | D:12     | Killed from afar by a meliai

Illustrated notes

Levels and vault maps discovered:
D:1:      minmay_arrival_doors, layout_basic
D:2:      layout_basic, uniq_jessica
D:3:      layout_loops_ring, serial_shops, shop, uniq_ijyb
D:4:      kennysheep_spiral_hall, layout_basic, demons_altar, temple_doors_ab,
          ebering_ghost_inner_flame, uniq_blork_the_orc
D:5:      layout_basic, nemelex_dance_club_becter, uniq_menkaure, uniq_grinder
D:6:      layout_loops_ring, dreamdust_princess_bridge,
          sigmund_edmund_badplayer, uniq_jeremiah, uniq_pikel
D:7:      minmay_the_grid_square_5x5_3x3
          [minmay_the_grid_square_5x5_intrusive_squares,
          minmay_the_grid_square_5x5_v,
          minmay_the_grid_square_5x5_almost_minimal,
          minmay_the_grid_square_5x5_detours,
          minmay_the_grid_square_5x5_megaprize_checkered,
          minmay_the_grid_square_5x5_minivault,
          minmay_the_grid_square_5x5_two_walls_b,
          minmay_the_grid_square_5x5_corner, minmay_the_grid_square_5x5_seven],
          layout_basic, enter_bailey_4
D:8:      layout_basic, grunt_lair_entry_orc_guard_hut, serial_park_tiny_1,
          nicolae_blasting_shop, nicolae_sextant
D:9:      hangedman_cross_cluster, layout_layer_cave, kennysheep_little_box
D:10:     layout_roguey, nicolae_trove_entry_isolated
D:11:     layout_cave_pools, david_orc_2, gauntlet_entry_generic, serial_bayou,
          serial_bayou_ford_a, serial_bayou_pond_a, serial_bayou_shore_a,
          serial_bayou_pond_c, serial_bayou_lagoon_a, serial_bayou_pond_c,
          grunt_ministairs_14, chequers_serial_rivers_room_a
D:12:     minmay_mutant_horseshoe, layout_loops_corners,
          portal_ice_cave_entry_pillars_2, grunt_decor_junction
Temple:   hellmonk_temple_divided_pantheon

Skill      XL: |  1  2  3  4  5  6  7  8  9 10 11 12 13 |
---------------+----------------------------------------+-----
Earth Magic    | 4 5 6 7 9 10 11 12 | 12.7
Conjurations   | 2 3 4 6 7 8 9 10 11 | 11.2
Spellcasting   | 3 4 5 |  5.2
Fighting       | 1 2 3 5 7 8 9 10 11 | 11.0
Shields        | 1 2 3 5 7 8 9 10 | 10.9
Armour         | 2 4 6 7 |  7.6
Dodging        | 2 4 5 6 |  6.0
Stealth        | |  2.1

Action                     |  1- 3 |  4- 6 |  7- 9 | 10-12 | 13-15 || total
---------------------------+-------+-------+-------+-------+-------++-------
  Melee: Short sword       |    10 |       |       |       |       ||    10
         Spear             |     6 |    68 |     3 |       |       ||    77
         Punch             |     1 |       |       |       |       ||     1
         Staff             |       |       |    16 |    18 |       ||    34
   Cast: Sandblast         |    27 |    86 |   148 |   309 |    63 ||   633
         Stone Arrow       |       |       |    22 |    93 |    30 ||   145
         Bombard           |       |       |       |       |    22 ||    22
  Evoke: Wand              |       |       |       |     6 |       ||     6
    Use: Potion            |       |     1 |       |       |       ||     1
         Scroll            |       |       |    10 |     5 |     1 ||    16
   Stab: Sleeping          |     1 |     3 |       |       |       ||     4
 Armour: Robe              |     6 |    67 |    72 |   181 |    44 ||   370
  Dodge: Dodged            |    10 |    38 |    31 |   112 |    21 ||   212
  Block: Kite shield       |       |    28 |    36 |   183 |    34 ||   281

Table legend: (Time is in decaauts)
 A = Elapsed time spent in this place.
 B = Non-inter-level travel time spent in this place.
 C = Inter-level travel time spent in this place.
 D = Time resting spent in this place.
 E = Time spent auto-exploring this place.
 F = Levels seen in this place.
 G = Mean time per level.
                   A        B        C        D        E       F      G
               +--------+--------+--------+--------+--------+-----+--------+
         Total |  14069 |  13354 |    715 |    418 |   9733 |  16 |  879.3 |
       Dungeon |  12418 |  11712 |    706 |    376 |   8875 |  12 | 1034.8 |
        Temple |     35 |     26 |      9 |      0 |      0 |   1 |   35.0 |
        Bailey |    205 |    205 |      0 |     42 |     61 |   1 |  205.0 |
      Ice Cave |    656 |    656 |      0 |      0 |    429 |   1 |  656.0 |
      Gauntlet |    753 |    753 |      0 |      0 |    368 |   1 |  753.0 |
               +--------+--------+--------+--------+--------+-----+--------+

Top non-repeatable levels by time:
     D:9: 2027 daAuts
     D:6: 1192 daAuts
     D:2: 1133 daAuts
     D:1: 1130 daAuts
     D:5: 1090 daAuts
     D:7: 1062 daAuts
     D:4: 1042 daAuts
     D:3: 944 daAuts
     D:8: 891 daAuts
Gauntlet: 753 daAuts
   IceCv: 656 daAuts
    D:12: 654 daAuts
    D:11: 646 daAuts
    D:10: 602 daAuts
  Bailey: 205 daAuts
